AoeStats
← lamanito6

Black Forest

506353288Analyzed
4v4 RM · 19d ago on Sep 13, 2026· 22m 7s· 8 players
Game mode
Random Map
Map size
Large (8 player)
Population
200
Speed
Normal
Resources
Standard
Victory
Conquest
Starting age
Dark Age
Ending age
Imperial Age
RankedLock teamsTeams togetherTeam positionsShared explorationLock speedFull tech treeHidden civsTurbo modeCheats
Victory
Defeat
🇷🇺 Bohemians · Russia
1171
+14
🇱🇹 Spanish · Lithuania
1152
+15
🇬🇧 Turks · United Kingdom
1147
+15
🇪🇸 Aztecs · Spain
1136
+16
🇨🇳 Khmer · China
1168
-17
🇫🇷 Portuguese · France
1132
-15
🇦🇺 Japanese · Australia
1116
-14
🇨🇳 Malay · China
1095
-14
Alex
1:04 Loom
21:08 Feudal Age
Vanilla Gorilla
3:24 Loom
12:45 Feudal Age
16:45 Castle Age
15:41 Double-Bit Axe
18:01 Bow Saw
18:43 Horse Collar
21:27 Wheelbarrow
21:00 Heavy Plow
JIANG
0:29 Loom
12:47 Feudal Age
13:21 Horse Collar
18:20 Castle Age
16:32 Double-Bit Axe
18:20 Wheelbarrow
19:55 Bow Saw
宇先生
0:28 Loom
14:51 Feudal Age
22:36 Castle Age
21:10 Gold Mining
21:07 Double-Bit Axe
Bangputys
1:51 Loom
16:11 Feudal Age
21:08 Castle Age
20:01 Double-Bit Axe
lamanito6
1:16 Loom
12:39 Feudal Age
13:23 Double-Bit Axe
19:40 Castle Age
LiningAnt984921
11:26 Feudal Age
15:49 Castle Age
14:00 Double-Bit Axe
13:56 Horse Collar
15:45 Wheelbarrow
17:34 Bow Saw
18:18 Heavy Plow
19:16 Loom
20:15 Fervor
seaguloftime
2:03 Loom
15:36 Feudal Age
19:39 Castle Age
17:51 Horse Collar
18:46 Double-Bit Axe
21:07 Scale Barding Armor
Connection lost

Rejoining the realm…

Still unreachable

The connection could not be restored.

Session expired

The server has moved on; the page needs a fresh start.